 Dungeon Sprint DCSS version 0.19.5 (webtiles) character file.

2694 JeffiDaFish the Protected (level 9, -8/65 HPs)
             Began as a Gargoyle Fighter on Dec 9, 2017.
             Mangled by a yaktaur captain
             ... wielding a +2 morningstar of flaming
              (33 damage)
             ... in the Dungeon (Sprint V: "Ziggurat Sprint").
             The game lasted 00:04:21 (526 turns).

JeffiDaFish the Protected (Gargoyle Fighter)         Turns: 526, Time: 00:04:22

Health: -8/65      AC: 37    Str: 20    XL:     9   Next: 65%
Magic:  9/9        EV:  6    Int: 12    God:
Gold:   0          SH:  3    Dex: 24    Spells: 0 memorised, 8 levels left

rFire  + + .     SeeInvis .     J - +7 great mace "Firestarter" {inner flame, rF++}
rCold  . . .     Gourm    .     G - +8 orange crystal plate armour {Archmagi, Int+3 Clar}
rNeg   + . .     Faith    .     (shield currently unavailable)
rPois  ∞         Spirit   .     (no helmet)
rElec  +         Reflect  +     c - +0 cloak
rCorr  .         Harm     .     (no gloves)
MR     .....     Clarity  +     (no boots)
Stlth  .......... NoTele   +    b - +3 amulet of reflection
                                E - +6 ring of dexterity
                                y - +6 ring of dexterity

@: no status effects
A: negative energy resistance 1, electricity resistance, unbreathing,
petrification resistance, rot immunity, AC +5
a: no special abilities


You were in the Dungeon.
You were not hungry.

You visited 1 branch

Inventory:

Hand Weapons
 J - the +7 great mace "Firestarter" (weapon) {inner flame, rF++}
   (You found it in the Dungeon)

   It has been specially enchanted to burn those struck by it, causing extra
   injury to most foes and up to half again as much damage against particularly
   susceptible opponents.
   It greatly protects you from fire.
Armour
 c - a +0 cloak (worn)
 l - +5 fire dragon scales
 m - +5 ice dragon scales
 n - +9 shadow dragon scales
 o - a +3 large shield
 G - the +8 orange crystal plate armour (worn) {Archmagi, Int+3 Clar}
   (You found it in the Dungeon)

   It affects your intelligence (+3).
   It protects you against confusion.
Jewellery
 b - a +3 amulet of reflection (around neck)
 y - a +6 ring of dexterity (left hand)
 E - a +6 ring of dexterity (right hand)
 F - the ring "Udonogru" {Ice rPois rN+ Int-5}
   (You took it off a crimson imp in the Dungeon)

   [ring of ice]

   It enhances your ice magic.
   It affects your intelligence (-5).
   It makes you vulnerable to fire.
   It protects you from cold.
   It protects you from poison.
   It protects you from negative energy.
 H - a +6 ring of strength
 I - a +6 ring of strength
 L - the ring "Anunomas" {Ice +Inv}
   (You found it in the Dungeon)

   [ring of ice]

   It enhances your ice magic.
   It makes you vulnerable to fire.
   It protects you from cold.
   It lets you turn invisible.
Scrolls
 k - 4 scrolls of blinking
 r - 4 scrolls of amnesia
 s - 3 scrolls of recharging
 t - 7 scrolls of fog
 u - a scroll of holy word
 v - 5 scrolls of identify
 w - 5 scrolls of remove curse
 x - 2 scrolls of fear
 K - a scroll of acquirement
Potions
 d - 6 potions of might
 e - 10 potions of curing
 g - 10 potions of heal wounds
 h - 6 potions of haste
 i - 7 potions of magic
 j - 3 potions of berserk rage
 z - 2 potions of brilliance
 A - 2 potions of invisibility
 B - 4 potions of resistance
 C - a potion of experience
 D - 5 potions of agility
Comestibles
 a - 6 chunks of flesh
 f - 5 bread rations
 p - 42 fruits
 q - 4 meat rations


   Skills:
 * Level 12.1 Fighting
 * Level 10.5 Maces & Flails
 * Level 12.3 Armour
 + Level 3.5 Dodging
 * Level 11.8 Shields


You had 8 spell levels left.
You didn't know any spells.

Dungeon Overview and Level Annotations

Branches:
Dungeon (1/1)

Altars:
Ashenzari
Cheibriados
Dithmenos
Elyvilon
Fedhas
Gozag
Hepliaklqana
Kikubaaqudgha
Makhleb
Nemelex Xobeh
Okawaru
Qazlal
Ru
Sif Muna
Trog
Uskayaw
Vehumet
Xom
Yredelemnul
Zin
The Shining One
Beogh
Jiyva
Lugonu


Innate Abilities, Weirdness & Mutations

You are resistant to torment.
Your stone body is resilient. (AC +5)
You are immune to poison.
You resist negative energy. (rN+)
You are resistant to electric shocks. (rElec)
You can survive without breathing.
You are immune to petrification.
You are immune to rotting.


Message History

The ironbrand convoker hits you but does no damage.
The yaktaur captain hits you but does no damage.
The yaktaur unwields an uncursed arbalest.
The yaktaur hits you but does no damage.
The ironheart preserver hits you but does no damage.
You sock the yaktaur captain! You burn the yaktaur captain.
The yaktaur captain is filled with an inner flame.
The yaktaur captain is heavily wounded.
You block the ironbrand convoker's attack.
The yaktaur captain hits you but does no damage.
The yaktaur hits you but does no damage.
The ironheart preserver hits you but does no damage.
You sock the yaktaur captain! You burn the yaktaur captain.
The yaktaur captain is heavily wounded.
The ironheart preserver hits you but does no damage.
The ironbrand convoker points at the yaktaur captain and mumbles some strange words.
The yaktaur captain seems to grow stronger.
The yaktaur captain hits you with a +2 morningstar of flaming!!
Ouch! That really hurt!
You die...

▓........▓........▓
▓▓▓▓▓▓▓▓▓▓▓▓▓▓▓▓▓▓▓
▓...8©8...▓..8©8..▓
▓..)==)...▓..)=}..▓
▓.....)...▓..):...▓
▓.........▓..)....▓
▓....W....▓..)†...▓
▓...pcp...▓..)....▓
▓...p@c...▓.......▓
▓.▓.p...▓.▓.▓...▓.▓
▓....(....▓.......▓
▓▓▓▓▓▓▓▓▓▓▓▓▓▓▓▓▓▓▓
▓..8©8..▓ ▓..:.}.%▓
▓..|....▓ ▓.......▓
▓.....).▓


You could see 2 ironheart preservers, a yaktaur captain (inner flame), a vault
guard, an ironbrand convoker, a yaktaur and a freezing wraith (inner flame).

Vanquished Creatures
  A naga mage (D)
  A hornet (D)
  Sigmund (D)
  4 spriggans (D)
  3 nagas (D)
  A water moccasin (D)
  4 black bears (D)
  A phantom (D)
  A wolf (D)
  A necrophage (D)
  Blork the orc (D)
  2 wights (D)
  A crimson imp (D)
  A quasit (D)
  Crazy Yiuf (D)
  2 iron imps (D)
  Jessica (D)
  A white imp (D)
  2 orcs (D)
  A ball python (D)
31 creatures vanquished.

Notes
Turn   | Place    | Note
-------+----------+-------------------------------------------
     0 | D        | JeffiDaFish the Gargoyle Fighter began the quest for the Orb.
     0 | D        | Reached XP level 1. HP: 14/14 MP: 1/1
    13 | D        | Found a blossoming altar of Fedhas.
    25 | D        | Found a viscous altar of Jiyva.
    25 | D        | Found a hazy altar of Hepliaklqana.
    25 | D        | Found an opulent altar of Gozag.
    25 | D        | Found an ancient bone altar of Kikubaaqudgha.
    25 | D        | Found a corrupted altar of Lugonu.
    37 | D        | Found a burning altar of Makhleb.
    41 | D        | Found a sacrificial altar of Ru.
    41 | D        | Found a stormy altar of Qazlal.
    41 | D        | Found a deep blue altar of Sif Muna.
    41 | D        | Found an iron altar of Okawaru.
    41 | D        | Found a bloodstained altar of Trog.
    41 | D        | Found a sparkling altar of Nemelex Xobeh.
    79 | D        | Entered arena 1.
    98 | D        | Entered arena 2.
    98 | D        | Noticed a spriggan
    98 | D        | Noticed a black bear
    98 | D        | Noticed a spriggan
   103 | D        | Killed a black bear
   103 | D        | Reached skill level 5 in Armour
   103 | D        | Reached XP level 2. HP: 19/22 MP: 2/2
   103 | D        | Reached XP level 3. HP: 24/27 MP: 3/3
   103 | D        | Reached XP level 4. HP: 28/32 MP: 4/4
   105 | D        | Killed a spriggan
   105 | D        | Killed a spriggan
   105 | D        | Reached skill level 5 in Maces & Flails
   105 | D        | Reached XP level 5. HP: 18/38 MP: 5/5
   105 | D        | Reached XP level 6. HP: 21/44 MP: 6/6
   264 | D        | Entered arena 3.
   264 | D        | Noticed a phantom
   264 | D        | Noticed a necrophage
   267 | D        | Killed a necrophage
   267 | D        | Reached XP level 7. HP: 51/51 MP: 7/7
   340 | D        | Entered arena 4.
   340 | D        | Noticed Sigmund
   340 | D        | Noticed Jessica
   340 | D        | Noticed Blork the orc
   340 | D        | Noticed Crazy Yiuf
   345 | D        | Killed Sigmund
   345 | D        | Reached skill level 10 in Fighting
   345 | D        | Reached skill level 10 in Armour
   346 | D        | Killed Blork the orc
   346 | D        | Reached XP level 8. HP: 57/57 MP: 8/8
   348 | D        | Killed Crazy Yiuf
   349 | D        | Killed Jessica
   376 | D        | Entered arena 5.
   391 | D        | Reached skill level 10 in Shields
   393 | D        | Got the ring "Udonogru" {Ice rPois rN+ Int-5}
   414 | D        | Entered arena 6.
   414 | D        | Noticed a naga mage
   417 | D        | Reached skill level 1 in Dodging
   421 | D        | Killed a naga mage
   424 | D        | Reached XP level 9. HP: 55/64 MP: 9/9
   470 | D        | Entered arena 7.
   470 | D        | Noticed a spriggan rider
   484 | D        | Reached skill level 10 in Maces & Flails
   488 | D        | Killed a hornet
   507 | D        | Got the ring "Anunomas" {Ice +Inv}
   516 | D        | Entered arena 8.
   516 | D        | Noticed a vault guard
   516 | D        | Noticed a freezing wraith
   516 | D        | Noticed an ironheart preserver
   516 | D        | Noticed a yaktaur
   516 | D        | Noticed an ironheart preserver
   516 | D        | Noticed a yaktaur captain
   516 | D        | Noticed an ironbrand convoker
   526 | D        | Mangled by a yaktaur captain

Skill      XL: |  1  2  3  4  5  6  7  8  9 |
---------------+----------------------------+-----
Fighting       | 6 7 9 10 11 12 | 12.1
Maces & Flails | 4 5 6 8 9 10 | 10.5
Armour         | 5 7 9 10 11 12 | 12.3
Shields        | 6 7 8 9 10 11 | 11.8
Dodging        | 2 3 |  3.5

Action                   |  1- 3 |  4- 6 |  7- 9 || total
-------------------------+-------+-------+-------++-------
Melee: Great mace        |     6 |     3 |    60 ||    69
  Use: Scroll            |       |       |     4 ||     4
Armor: Shadow dragon sca |    12 |     3 |    14 ||    29
       Crystal plate arm |       |       |   147 ||   147
Dodge: Dodged            |     4 |     3 |    51 ||    58
Block: Other             |     1 |       |    12 ||    13
